 Dungeon Crawl Stone Soup version 0.23.2-1-ga50397a (webtiles) character file.

Game seed: 7094540828381338547

6440 Fortress the Cleaver (level 10, -14/94 HPs)
             Began as a Deep Dwarf Berserker on May 31, 2019.
             Was a High Priest of Trog.
             Demolished by a two-headed ogre
             ... wielding a +0 giant club
              (17 damage)
             ... on level 11 of the Dungeon.
             The game lasted 00:55:24 (7135 turns).

Fortress the Cleaver (Deep Dwarf Berserker)         Turns: 7135, Time: 00:55:25

Health: -14/94     AC: 21    Str: 20    XL:     10   Next: 67%
Magic:  5/5        EV:  8    Int:  9    God:    Trog [*****.]
Gold:   505        SH:  0    Dex: 15    Spells: 9/9 levels left

rFire    . . .     SeeInvis .   v - +0 war axe
rCold    . . .     Gourm    .   (no shield)
rNeg     . . .     Faith    .   L - +0 plate armour
rPois    .         Spirit   .   A - +0 helmet
rElec    .         Reflect  .   (no cloak)
rCorr    .         Harm     .   J - +1 pair of gloves
MR       +....                  D - +2 pair of boots
Stlth    ..........             (no amulet)
HPRegen  0.00/turn              (no ring)
MPRegen  0.09/turn              (no ring)

@: berserk cooldown, non-regenerating, slowed, very slow
A: damage resistance, heal wounds, sense surroundings 2, no regeneration
a: Heal Wounds, Berserk, Trog's Hand, Brothers in Arms, Renounce Religion


You were on level 11 of the Dungeon.
You worshipped Trog.
Trog was extremely pleased with you.
You were very hungry.

You visited 2 branches of the dungeon, and saw 10 of its levels.
You also visited: Sewer and Ossuary.

You collected 505 gold pieces.

Inventory:

Hand Weapons
 a - a +0 hand axe
 q - a +2 hunting sling of freezing
 t - a +2 mace of protection
 u - a +3 short sword of speed
 v - a +0 war axe (weapon)
 C - a +2 trident of freezing
 O - a +0 hand axe of flaming
Missiles
 d - 403 stones (quivered)
 g - 106 sling bullets
Armour
 k - a +0 chain mail
 A - a +0 helmet (worn)
 D - a +2 pair of boots (worn)
 J - a +1 pair of gloves (worn)
 L - a +0 plate armour (worn)
Jewellery
 i - an uncursed amulet of guardian spirit {unknown}
 s - an uncursed amulet of the acrobat {unknown}
 G - an uncursed ring of positive energy {unknown}
 V - an uncursed ring of ice {unknown}
Wands
 b - a wand of polymorph (2)
 w - a wand of paralysis (17)
 y - a wand of iceblast (7)
 M - a wand of acid (7)
 N - a wand of scattershot (5)
 R - a wand of flame (24)
Scrolls
 j - 3 scrolls of amnesia
 l - 2 scrolls of enchant armour {unknown}
 r - 3 scrolls of remove curse
 x - 2 scrolls of blinking
 I - a scroll of teleportation {unknown}
 K - 3 scrolls of identify
 P - a scroll of enchant weapon {unknown}
 Q - a scroll of summoning {unknown}
 S - a scroll of fear
 T - a scroll of random uselessness {unknown}
Potions
 e - 2 potions of degeneration {unknown}
 f - 7 potions of curing
 h - 3 potions of might
 m - 9 potions of flight
 n - a potion of magic {unknown}
 o - a potion of mutation {unknown}
 p - 2 potions of lignification
 z - 3 potions of cancellation
 B - 2 potions of berserk rage {unknown}
 E - 2 potions of agility
 F - 4 potions of heal wounds
 H - a potion of invisibility
 W - a potion of resistance {unknown}
Comestibles
 c - 10 rations


   Skills:
 + Level 7.2 Fighting
 + Level 13.0 Axes
 + Level 8.9 Armour
 + Level 4.2 Dodging


You had 9 spell levels left.
You didn't know any spells.
Your spell library was empty.

Dungeon Overview and Level Annotations

Branches:
Dungeon (8/15)             Temple (1/1) D:5            Lair (0/6) D:8

Altars:
Ashenzari
Cheibriados
Dithmenos
Elyvilon
Fedhas
Gozag
Kikubaaqudgha
Makhleb
Okawaru
Qazlal
Ru
Sif Muna
Trog
Uskayaw
Vehumet
Wu Jian
Xom
Yredelemnul
Zin

Shops:
D:6 *


Innate Abilities, Weirdness & Mutations

You are resistant to damage.
You can heal yourself by infusing magical energy.
You passively map the area around you.
You do not regenerate.


Message History

The two-headed ogre barely misses you.
You barely miss the two-headed ogre.
The two-headed ogre is severely wounded.
The two-headed ogre hits you with a +0 giant club!
* * * LOW HITPOINT WARNING * * *
The two-headed ogre hits you with a +0 giant club.
* * * LOW HITPOINT WARNING * * *
You hit the two-headed ogre but do no damage.
The two-headed ogre is severely wounded.
The two-headed ogre hits you with a +0 giant club.
* * * LOW HITPOINT WARNING * * *
The two-headed ogre barely misses you.
You hit the two-headed ogre.
The two-headed ogre is almost dead.
You hit the two-headed ogre.
The two-headed ogre is almost dead.
The two-headed ogre hits you with a +0 giant club!!
* * * LOW HITPOINT WARNING * * *
The two-headed ogre hits you with a +0 giant club!!
You die...

, * * * , , , ,,*
*.. #.. ,, , * , ,
* *#.##.#* * #* * ,
, *** *..#.# ..,
,*, #.#.#* ... ,* *
#.#.#*, ....,* * ,
, #...#* .....
,..##.##..##......,
* ,
?........@OZ..... ,
, ....###).##5.....
, , ,, . ,, #..#
..... , , , , *
##.# ###. , , , ,*,
#.# + ** * ** #>. ,
, , ###* * * * ** ,
* * , *


You could see a two-headed ogre, a shadow imp and a bullfrog skeleton.

Vanquished Creatures
  A two-headed ogre (D:11)
  Pikel (D:4)
  An elephant (D:8)
  Grinder (Sewer)
  2 hippogriffs (D:7)
  A yak (D:8)
  A shadow (D:11)
  A hungry ghost (D:8)
  Duvessa (D:4)
  5 orc warriors
  A sky beast (D:5)
  An ice beast (D:2)
  4 slaves (D:4)
  A black bear (D:6)
  A necrophage (D:6)
  5 ogres
  2 centaurs
  2 crocodiles (D:8)
  2 elf zombies (Ossuary)
  2 big kobolds (Sewer)
  Blork the orc (D:5)
  A bullfrog (D:7)
  A gnoll sergeant (D:5)
  4 scorpions
  A water moccasin skeleton (D:7)
  Dowan (D:4)
  6 killer bees (D:6)
  2 howler monkeys
  3 crimson imps
  3 hounds
  A quasit (Sewer)
  2 human zombies (Ossuary)
  3 orc priests
  A bullfrog skeleton (D:5)
  A jelly (D:5)
  A gnoll shaman (D:7)
  2 iguanas
  Ijyb (D:3)
  4 worker ants
  5 orc wizards
  2 big kobold zombies
  A hound zombie (Ossuary)
  4 mummies (Ossuary)
  2 worker ant zombies
  7 adders
  13 gnolls
  A river rat (D:6)
  A shadow imp (Sewer)
  2 ufetubi (Sewer)
  An ooze (D:7)
  2 adder zombies
  3 adder skeletons
  7 worms
  3 dart slugs
  A leopard gecko (D:6)
  28 orcs
  A bat zombie (Sewer)
  8 giant cockroaches
  11 goblins
  5 hobgoblins
  14 jackals
  24 kobolds
  7 quokkas
  3 ball pythons
  5 bats
  5 frilled lizards
  A jackal skeleton (D:5)
  A jackal zombie (Ossuary)
  3 kobold zombies
  An orc zombie (Ossuary)
  11 rats
  A rat zombie (Ossuary)
259 creatures vanquished.

Notes
Turn   | Place    | Note
-------+----------+-------------------------------------------
     0 | D:1      | Fortress the Deep Dwarf Berserker began the quest for the
                  | Orb.
     0 | D:1      | Reached XP level 1. HP: 20/20 MP: 1/1
   150 | D:2      | Reached XP level 2. HP: 22/27 MP: 2/2
   450 | D:1      | Reached skill level 4 in Axes
   450 | D:1      | Reached XP level 3. HP: 20/34 MP: 3/3
   776 | D:2      | Reached ** piety under Trog
  1039 | D:3      | Noticed Ijyb
  1060 | D:3      | Killed Ijyb
  1060 | D:3      | Reached XP level 4. HP: 37/42 MP: 4/4
  1297 | D:2      | Found an iron altar of Okawaru.
  1551 | D:2      | Noticed an ice beast
  1564 | D:2      | Killed an ice beast
  1564 | D:2      | Reached skill level 5 in Axes
  1564 | D:2      | Reached XP level 5. HP: 49/49 MP: 5/5
  1687 | D:3      | Noticed an ogre
  1695 | D:3      | Killed an ogre
  1695 | D:3      | Reached XP level 6. HP: 44/57 MP: 6/6
  1862 | D:3      | Reached skill level 6 in Axes
  2025 | D:4      | Found a sand-covered staircase.
  2035 | Ossuary  | Entered an ossuary
  2055 | Ossuary  | Reached *** piety under Trog
  2055 | Ossuary  | Reached XP level 7. HP: 64/64 MP: 6/6
  2078 | Ossuary  | Reached skill level 7 in Axes
  2290 | D:4      | Noticed Duvessa
  2291 | D:4      | Noticed Dowan
  2307 | D:4      | Killed Dowan
  2314 | D:4      | Killed Duvessa
  2353 | D:5      | Entered Level 5 of the Dungeon
  2686 | D:4      | Noticed Pikel
  2706 | D:4      | Killed Pikel
  2706 | D:4      | Reached skill level 8 in Axes
  2706 | D:4      | Reached skill level 5 in Armour
  2706 | D:4      | Reached XP level 8. HP: 35/73 MP: 6/6
  3091 | D:5      | Reached skill level 9 in Axes
  3129 | D:5      | You fall through a shaft!
  3129 | D:6      | Found a stormy altar of Qazlal.
  3198 | D:6      | Reached skill level 5 in Fighting
  3262 | D:6      | Found a glowing drain.
  3282 | D:6      | Reached **** piety under Trog
  3292 | Sewer    | Entered a sewer
  3449 | Sewer    | Found a burning altar of Makhleb.
  3461 | Sewer    | Noticed Grinder
  3505 | Sewer    | Killed Grinder
  3505 | Sewer    | Reached skill level 10 in Axes
  3505 | Sewer    | Gained mutation: You passively map the area around you.
                  | [Deep Dwarf growth]
  3505 | Sewer    | Reached XP level 9. HP: 40/81 MP: 7/7
  3974 | D:5      | Noticed Blork the orc
  3978 | D:5      | Found a shattered altar of Ashenzari.
  3994 | D:5      | Killed Blork the orc
  4147 | D:5      | Found a staircase to the Ecumenical Temple.
  4254 | D:5      | Reached skill level 11 in Axes
  4361 | Temple   | Entered the Ecumenical Temple
  4509 | D:5      | You fall through a shaft for 2 floors!
  4525 | D:7      | Reached ***** piety under Trog
  4924 | D:6      | Found Pahohud's Elemental Accessories.
  5700 | D:7      | Reached XP level 10. HP: 78/90 MP: 6/6
  6036 | D:7      | Reached skill level 12 in Axes
  6288 | D:7      | Found a white marble altar of Elyvilon.
  6889 | D:8      | Noticed an elephant
  6911 | D:8      | Killed an elephant
  7063 | D:8      | Found a staircase to the Lair.
  7114 | D:8      | You fall through a shaft for 3 floors!
  7115 | D:11     | Noticed a two-headed ogre
  7118 | D:11     | Killed a two-headed ogre
  7119 | D:11     | Noticed a two-headed ogre
  7127 | D:11     | Reached skill level 13 in Axes
  7135 | D:11     | HP: 3/94 [two-headed ogre/+0 giant club (19)]
  7135 | D:11     | Demolished by a two-headed ogre

Skill      XL: |  1  2  3  4  5  6  7  8  9 10 |
---------------+-------------------------------+-----
Fighting       | 3 4 5 6 7 |  7.2
Axes           | 4 5 6 8 10 11 13 | 13.0
Armour         | 3 4 5 6 7 8 |  8.9
Dodging        | 3 4 |  4.2

Action                   |  1- 3 |  4- 6 |  7- 9 | 10-12 || total
-------------------------+-------+-------+-------+-------++-------
Melee: Hand axe          |   136 |   102 |    24 |       ||   262
       War axe           |       |       |   492 |   159 ||   651
Invok: Berserk           |       |     4 |     4 |     3 ||    11
       Trog's Hand       |       |     1 |     2 |       ||     3
 Abil: Heal Wounds       |       |     2 |    14 |     7 ||    23
  Use: Scroll            |       |     5 |     8 |       ||    13
       Potion            |       |       |     1 |       ||     1
  Eat: Chunk             |       |     3 |    10 |     1 ||    14
       Ration            |       |     1 |     3 |     2 ||     6
Armor: Animal skin       |     1 |       |       |       ||     1
       Leather armour    |     8 |       |       |       ||     8
       Chain mail        |    58 |    76 |   249 |       ||   383
       Skin              |    21 |       |       |       ||    21
       Plate armour      |       |       |    88 |   105 ||   193
Dodge: Dodged            |    56 |    57 |   304 |    70 ||   487
